NCAA
GEORGETOWN HOYAS @ NORTH CAROLINA STATE WOLFPACK
05/17/2025
 
TOP OF THE 1ST
Georgetown Hoyas batting - Pitching for North Carolina State Wolfpack : RHP Maurice Green
Pitching: RHP Maurice Green
Batting: RHB Bob Lee 0-0: SINGLE (Line Drive, 4MD)
Batting: LHB José De La Cruz 0-0: Grounds into double play, 3-6-3 (Groundball, 3)
Batting: LHB Ken Bullard 0-0: SINGLE (Flyball, 6MD)
Batting: LHB Chris Smith 0-0: Ball
1-0: Called Strike
1-1: Called Strike
1-2: Fly out, F8 (Line Drive, 8LM)
Top of the 1st over - 0 run(s), 2 hit(s), 0 error(s), 1 left on base; Georgetown 0 - North Carolina State 0
BOTTOM OF THE 1ST
North Carolina State Wolfpack batting - Pitching for Georgetown Hoyas : RHP Mario López
Pitching: RHP Mario López
Batting: RHB Henry Dawson 0-0: Called Strike
0-1: Ball
1-1: Ball
2-1: Ball
3-1: Base on Balls
Batting: RHB Richard Heath 0-0: Ball
1-0: Ball
2-0: Swinging Strike
2-1: Ball
3-1: SINGLE (Line Drive, 3D)
Henry Dawson to second
Batting: RHB Rafael Rosário 0-0: Called Strike
0-1: Foul Ball, location: 2F
0-2: Ball
1-2: Strikes out swinging
Batting: LHB Frank Jackson 0-0: 3-RUN HOME RUN (Flyball, 9D), Distance : 356 ft
Batting: RHB Dennis Mays 0-0: Ball
1-0: Called Strike
1-1: SOLO HOME RUN (Flyball, 78XD), Distance : 390 ft
Batting: SHB Dawson Fowler 0-0: Called Strike
0-1: Foul Ball, location: 2F
0-2: Ball
1-2: Strikes out swinging
Batting: LHB Corey MacGregor 0-0: Swinging Strike
0-1: Ball
1-1: Foul Ball, location: 2F
1-2: Ball
2-2: Ball
3-2: SINGLE (Groundball, 34D)
Batting: RHB Bob Olson 0-0: Called Strike
0-1: Called Strike
0-2: Foul Ball, location: 2F
0-2: Ball
1-2: Ball
2-2: Ball
Passed Ball!
Corey MacGregor to second
3-2: Base on Balls
Batting: RHB Kyle Watkins 0-0: Called Strike
0-1: Ball
1-1: Fly out, F9 (Flyball, 9S)
Bottom of the 1st over - 4 run(s), 4 hit(s), 0 error(s), 2 left on base; Georgetown 0 - North Carolina State 4
TOP OF THE 2ND
Georgetown Hoyas batting - Pitching for North Carolina State Wolfpack : RHP Maurice Green
Batting: SHB Jeffrey MacNeill 0-0: Foul Ball, location: 2F
0-1: Foul Ball, location: 2F
0-2: Ball
1-2: Ground out U3 (Groundball, 3S)
Batting: RHB Luis Flores 0-0: SINGLE (Line Drive, 9LS)
Batting: RHB Brian Harvey 0-0: Called Strike
Luis Flores steals 2nd base
0-1: Foul Ball, location: 2F
0-2: Ball
1-2: SINGLE (Line Drive, 6MD)
Luis Flores to third
Runner from 3rd tries for Home, SAFE, no throw or cutoff
Batting: LHB Robinson Ordóñez 0-0: Called Strike
0-1: Ball
1-1: Swinging Strike
1-2: Strikes out swinging
Batting: RHB Glenn Rojas 0-0: Called Strike
0-1: Ball
1-1: Ball
2-1: Foul Ball, location: 2F
2-2: Strikes out swinging
Top of the 2nd over - 1 run(s), 2 hit(s), 0 error(s), 1 left on base; Georgetown 1 - North Carolina State 4
BOTTOM OF THE 2ND
North Carolina State Wolfpack batting - Pitching for Georgetown Hoyas : RHP Mario López
Batting: RHB Henry Dawson 0-0: Called Strike
0-1: Ball
1-1: Ball
2-1: Ball
3-1: Called Strike
3-2: Base on Balls
Batting: RHB Richard Heath 0-0: Called Strike
Henry Dawson is caught stealing 2nd base
0-1: Ball
1-1: Foul Ball, location: 2F
1-2: Fly out, F8 (Flyball, 8LM)
Batting: RHB Rafael Rosário 0-0: Fly out, F9 (Flyball, 9M)
Bottom of the 2nd over - 0 run(s), 0 hit(s), 0 error(s), 0 left on base; Georgetown 1 - North Carolina State 4
TOP OF THE 3RD
Georgetown Hoyas batting - Pitching for North Carolina State Wolfpack : RHP Maurice Green
Batting: RHB Bob Lee 0-0: Ground out 5-3 (Groundball, 5L)
Batting: LHB José De La Cruz 0-0: Reached on error, E6 (Groundball, 6)
Batting: LHB Ken Bullard 0-0: Called Strike
0-1: Called Strike
0-2: Foul Ball, location: 2F
0-2: Ball
1-2: Ball
2-2: Strikes out looking
Batting: LHB Chris Smith 0-0: Ball
1-0: Ground out 4-3 (Groundball, 34)
Top of the 3rd over - 0 run(s), 0 hit(s), 1 error(s), 1 left on base; Georgetown 1 - North Carolina State 4
BOTTOM OF THE 3RD
North Carolina State Wolfpack batting - Pitching for Georgetown Hoyas : RHP Mario López
Batting: LHB Frank Jackson 0-0: Ball
1-0: Ball
2-0: Called Strike
2-1: Foul Ball, location: 2F
2-2: Ground out U3 (Groundball, 3L)
Batting: RHB Dennis Mays 0-0: Called Strike
0-1: SINGLE (Groundball, 56D)
Batting: SHB Dawson Fowler 0-0: Ball
1-0: Fly out, F6 (Line Drive, 6M)
1-0: Fly out, F6 (Line Drive, 6M)
Batting: LHB Corey MacGregor 0-0: Swinging Strike
0-1: Foul Ball, location: 2F
0-2: Fly out, F6 (Popup, 56D)
Bottom of the 3rd over - 0 run(s), 1 hit(s), 0 error(s), 1 left on base; Georgetown 1 - North Carolina State 4
TOP OF THE 4TH
Georgetown Hoyas batting - Pitching for North Carolina State Wolfpack : RHP Maurice Green
Batting: SHB Jeffrey MacNeill 0-0: Ball
1-0: Ball
2-0: Foul Ball, location: 2F
2-1: Fly out, F7 (Flyball, 7M)
Batting: RHB Luis Flores 0-0: Called Strike
0-1: Foul Ball, location: 2F
0-2: Foul Ball, location: 2F
0-2: Ball
1-2: Foul Ball, location: 2F
1-2: Strikes out swinging
Batting: RHB Brian Harvey 0-0: Ball
1-0: Called Strike
1-1: Foul Ball, location: 2F
1-2: Foul Ball, location: 2F
1-2: Ball
2-2: Strikes out swinging
Top of the 4th over - 0 run(s), 0 hit(s), 0 error(s), 0 left on base; Georgetown 1 - North Carolina State 4
BOTTOM OF THE 4TH
North Carolina State Wolfpack batting - Pitching for Georgetown Hoyas : RHP Mario López
Batting: RHB Bob Olson 0-0: Ball
1-0: Ball
2-0: Ball
3-0: Base on Balls
Batting: RHB Kyle Watkins 0-0: Ball
1-0: Called Strike
1-1: Ball
2-1: Ball
3-1: Base on Balls
Bob Olson to second
Batting: RHB Henry Dawson 0-0: Ball
1-0: Swinging Strike
1-1: Grounds into double play, 6-4-3 (Groundball, 6M)
Bob Olson to third
Batting: RHB Richard Heath 0-0: 2-RUN HOME RUN (Flyball, 78XD), Distance : 366 ft
Batting: RHB Rafael Rosário 0-0: Foul Ball, location: 2F
0-1: Swinging Strike
0-2: Strikes out swinging
Bottom of the 4th over - 2 run(s), 1 hit(s), 0 error(s), 0 left on base; Georgetown 1 - North Carolina State 6
TOP OF THE 5TH
Georgetown Hoyas batting - Pitching for North Carolina State Wolfpack : RHP Maurice Green
Batting: LHB Robinson Ordóñez 0-0: Called Strike
0-1: Ball
1-1: Foul Ball, location: 2F
1-2: Ball
2-2: Ball
Single, Error in OF, E7, batter to second base
Batting: RHB Glenn Rojas 0-0: Ball
1-0: Ball
2-0: Ball
3-0: Called Strike
3-1: Foul Ball, location: 2F
3-2: Strikes out swinging
Batting: RHB Bob Lee 0-0: SINGLE (Groundball, 56D)
Robinson Ordóñez to third
Batting: LHB José De La Cruz 0-0: Foul Ball, location: 2F
0-1: Foul Ball, location: 2F
0-2: Foul Ball, location: 2F
0-2: Grounds into double play, U4-3 (Groundball, 4)
Top of the 5th over - 0 run(s), 2 hit(s), 1 error(s), 1 left on base; Georgetown 1 - North Carolina State 6
BOTTOM OF THE 5TH
North Carolina State Wolfpack batting - Pitching for Georgetown Hoyas : RHP Mario López
Batting: LHB Frank Jackson 0-0: Ball
1-0: Fly out, F7 (Flyball, 78M)
Batting: RHB Dennis Mays 0-0: Ground out 1-3 (Groundball, 13S)
Batting: SHB Dawson Fowler 0-0: Called Strike
0-1: Foul Ball, location: 2F
0-2: Foul Ball, location: 2F
0-2: Ground out 3-1 (Groundball, 34)
Bottom of the 5th over - 0 run(s), 0 hit(s), 0 error(s), 0 left on base; Georgetown 1 - North Carolina State 6
TOP OF THE 6TH
Georgetown Hoyas batting - Pitching for North Carolina State Wolfpack : RHP Maurice Green
Batting: LHB Ken Bullard 0-0: Ball
1-0: Fly out, F7 (Line Drive, 7D)
Batting: LHB Chris Smith 0-0: Called Strike
0-1: Ball
1-1: Fly out, F4 (Line Drive, 4)
Batting: SHB Jeffrey MacNeill 0-0: Foul Ball, location: 2F
0-1: SINGLE (Groundball, 34D)
Batting: RHB Luis Flores 0-0: Called Strike
0-1: Ball
1-1: Called Strike
1-2: Ball
Throwing error on steal attempt, E2
Jeffrey MacNeill to third
2-2: Foul Ball, location: 2F
2-2: Ball
3-2: Base on Balls
Pitching: RHP Bob Howe
Batting: RHB Brian Harvey 0-0: Called Strike
0-1: Ball
1-1: Called Strike
1-2: Ball
2-2: Foul Ball, location: 2F
2-2: Ground out 4-3 (Groundball, 4)
Top of the 6th over - 0 run(s), 1 hit(s), 1 error(s), 2 left on base; Georgetown 1 - North Carolina State 6
BOTTOM OF THE 6TH
North Carolina State Wolfpack batting - Pitching for Georgetown Hoyas : RHP Mario López
Batting: LHB Corey MacGregor 0-0: Foul Ball, location: 2F
0-1: Foul Ball, location: 2F
0-2: Foul Ball, location: 2F
0-2: Strikes out swinging
Batting: RHB Bob Olson 0-0: Foul Ball, location: 2F
0-1: Ball
1-1: Foul Ball, location: 2F
1-2: Ground out 5-3 (Groundball, 5)
Batting: RHB Kyle Watkins 0-0: Ball
1-0: Foul Ball, location: 2F
1-1: Ball
2-1: Fly out, F9 (Flyball, 9M)
Bottom of the 6th over - 0 run(s), 0 hit(s), 0 error(s), 0 left on base; Georgetown 1 - North Carolina State 6
TOP OF THE 7TH
Georgetown Hoyas batting - Pitching for North Carolina State Wolfpack : RHP Bob Howe
Batting: LHB Robinson Ordóñez 0-0: Ball
1-0: Swinging Strike
1-1: Foul Ball, location: 2F
1-2: Ball
2-2: Strikes out swinging
Batting: RHB Glenn Rojas 0-0: Foul Ball, location: 2F
0-1: Ball
1-1: Swinging Strike
1-2: Strikes out looking
Batting: RHB Bob Lee 0-0: Ground out 6-3 (Groundball, 6)
Top of the 7th over - 0 run(s), 0 hit(s), 0 error(s), 0 left on base; Georgetown 1 - North Carolina State 6
BOTTOM OF THE 7TH
North Carolina State Wolfpack batting - Pitching for Georgetown Hoyas : RHP Mario López
Batting: RHB Henry Dawson 0-0: Ball
1-0: Ground out 5-3 (Groundball, 5)
Batting: RHB Richard Heath 0-0: Ground out 6-3 (Groundball, 6M)
Batting: RHB Rafael Rosário 0-0: Reached on error, E5 (Groundball, 56S)
Batting: LHB Frank Jackson 0-0: Foul Ball, location: 2F
0-1: Reached on error, E4 (Groundball, 4M)
Rafael Rosário scores
Batting: RHB Dennis Mays 0-0: SINGLE (Groundball, 6MD)
Frank Jackson to third
Runner from 3rd tries for Home, SAFE, no throw or cutoff
Batting: SHB Dawson Fowler 0-0: Called Strike
0-1: Foul Ball, location: 2F
0-2: Foul Ball, location: 2F
0-2: Ball
1-2: Ball
2-2: Foul Ball, location: 2F
2-2: 2-RUN HOME RUN (Flyball, 9D), Distance : 361 ft
Batting: LHB Corey MacGregor 0-0: SINGLE (Line Drive, 3S)
Pitching: RHP Jon Jenkins
Batting: RHB Bob Olson 0-0: Ball
1-0: Called Strike
Throwing error on steal attempt, E2
Corey MacGregor to third
1-1: Fly out, F1 (Line Drive, 13)
Bottom of the 7th over - 4 run(s), 3 hit(s), 3 error(s), 1 left on base; Georgetown 1 - North Carolina State 10
TOP OF THE 8TH
Georgetown Hoyas batting - Pitching for North Carolina State Wolfpack : RHP Bob Howe
Batting: LHB José De La Cruz 0-0: Ball
1-0: Called Strike
1-1: Ball
2-1: Ball
3-1: Ground out U3 (Groundball, 3)
Batting: LHB Ken Bullard 0-0: Ball
1-0: Called Strike
1-1: Ground out 4-3 (Groundball, 4)
Batting: LHB Chris Smith 0-0: Called Strike
0-1: Ball
1-1: Foul Ball, location: 2F
1-2: Fly out, F7 (Flyball, 78M)
Top of the 8th over - 0 run(s), 0 hit(s), 0 error(s), 0 left on base; Georgetown 1 - North Carolina State 10
BOTTOM OF THE 8TH
North Carolina State Wolfpack batting - Pitching for Georgetown Hoyas : RHP Jon Jenkins
Pitching: RHP Kyle O'Brien
Batting: RHB Kyle Watkins 0-0: Ball
1-0: Ball
2-0: Ball
3-0: Called Strike
3-1: Base on Balls
Batting: RHB Henry Dawson 0-0: Ball
1-0: Fly out, F7 (Flyball, 7M)
Batting: RHB Richard Heath 0-0: Foul Ball, location: 2F
0-1: Foul Ball, location: 2F
0-2: Foul Ball, location: 2F
0-2: Ball
1-2: Ball
2-2: Strikes out swinging
Batting: RHB Rafael Rosário 0-0: Ball
Kyle Watkins is caught stealing 2nd base
Bottom of the 8th over - 0 run(s), 0 hit(s), 0 error(s), 0 left on base; Georgetown 1 - North Carolina State 10
TOP OF THE 9TH
Georgetown Hoyas batting - Pitching for North Carolina State Wolfpack : RHP Bob Howe
Now at 3B: Bryan Lambert
Batting: SHB Jeffrey MacNeill 0-0: Ball
1-0: Ball
2-0: SINGLE (Line Drive, 34D)
Batting: RHB Luis Flores 0-0: Called Strike
0-1: Called Strike
0-2: Ball
1-2: Strikes out looking
Batting: RHB Brian Harvey 0-0: Ball
1-0: Called Strike
1-1: Ball
2-1: Swinging Strike
2-2: Ball
3-2: Foul Ball, location: 2F
3-2: Fly out, F8 (Flyball, 89S)
Batting: LHB Robinson Ordóñez 0-0: Foul Ball, location: 2F
0-1: Swinging Strike
0-2: Strikes out swinging
Top of the 9th over - 0 run(s), 1 hit(s), 0 error(s), 1 left on base; Georgetown 1 - North Carolina State 10
This league is powered by Out of the Park Baseball, the baseball management simulation game for PC, Mac and Linux
Tuesday, August 2nd, 2016 - OOTP Baseball 16.8 Build 38